 Dungeon Crawl Stone Soup version 0.32-a0-986-ga09f62fbf4 (webtiles) character file.

Game seed: 3088026899170481717

590 LadyBoffin the Apothecary (level 7, -6/45 HPs)
             Began as a Pale Draconian Alchemist on Apr 21, 2024.
             Mangled by an orc priest
             ... wielding a +0 flail
              (8 damage)
             ... on level 5 of the Dungeon.
             The game lasted 00:19:13 (3396 turns).

LadyBoffin the Apothecary (DrAl)                    Turns: 3396, Time: 00:19:15

Health: -6/45      AC: 11    Str: 10    XL:     7   Next: 15%
Magic:  1/12       EV: 11    Int: 17    God:
Gold:   134        SH:  4    Dex: 10    Spells: 10/13 levels left

rFire   + + .        j - staff of fire
rCold   x . .        (no shield)
rNeg    . . .        (body armour unavailable)
rPois   .            (helmet restricted)
rElec   .            (no cloak)
rCorr   .            (no gloves)
SInv    .            g - +0 pair of boots
Will    .....        (no amulet)
Stlth   ++           d - +4 ring of protection
HPRegen 0.27/turn    f - ring of fire
MPRegen 0.13/turn

%: no passive effects
@: very slightly contaminated
A: steam breath, AC +6, unfitting armour, cold-blooded, steam resistance, large
bone plates 1, clumsy 1, frail 1
a: Steam Breath, Convert to Beogh


You were on level 5 of the Dungeon.
You visited 1 branch of the dungeon, and saw 5 of its levels.

You collected 134 gold pieces.

Inventory:

Hand Weapons
 b - a +0 dagger
 c - a +3 sling
Armour
 g - a +0 pair of boots (worn)
Magical Staves
 j - a staff of fire (weapon)
 p - a staff of air
Jewellery
 d - a +4 ring of protection (left hand)
 f - a ring of fire (right hand)
Wands
 q - a wand of mindburst (17)
Scrolls
 h - a scroll of teleportation
 m - a scroll of fear {unknown}
 o - a scroll of revelation
Potions
 a - 2 potions of might
 k - a potion of lignification {unknown}
 l - a potion of brilliance {unknown}
 n - a potion of enlightenment {unknown}


   Skills:
 + Level 3.5 Dodging
 - Level 3.3 Stealth
 + Level 3.6 Spellcasting
 + Level 2.6 Conjurations
 + Level 2.7 Air Magic
 + Level 4.5 Alchemy


You had 10 spell levels left.
You knew the following spells:

 Your Spells              Type           Power      Damage    Failure   Level
a - Sting                 Conj/Alch      60%        1d6       3%          1
b - Mercury Vapours       Alch/Air       30%        N/A       5%          2

Your spell library contained the following spells:

 Spells                   Type           Power      Damage    Failure   Level
 Mephitic Cloud           Conj/Alch/Air  14%        N/A       13%         3
 Olgreb's Toxic Radiance  Alch           18%        N/A       26%         4
 Sticky Flame             Fire/Alch      24%        2d6       54%         4


Dungeon Overview and Level Annotations

Branches:
Dungeon (5/15)
 Temple: D:4-7

Altars:
Dithmenos
Sif Muna
Yredelemnul

Shops:
D:2 *


Innate Abilities, Weirdness & Mutations

You can breathe blasts of scalding, opaque steam.
Your pale cyan-grey scales are hard. (AC +6)
You cannot fit into any form of body armour.
You are cold-blooded and may be slowed by cold attacks.
You are immune to the effects of steam.
You are partially covered in large bone plates. (SH +4)
You are clumsy. (Dex -2)
You are frail. (-10% HP)


Message History

You miscast Sting.
Nothing appears to happen.
The adder bites you but does no damage.
The orc priest looks satisfied for a moment.
The adder misses you.
You feel better.
The orc priest hits you with a +0 flail.
* * * LOW HITPOINT WARNING * * *
The adder closely misses you.
Aiming: Sting (safe; 3% risk of failure)
Press: ? - help, Q - select action, (/) - cycle Shift-Dir - straight line, f/p - orc priest
Aim: an orc priest, wielding a +0 flail (moderately wounded, poisoned, 74% to hit)
The sting hits the orc priest.
The orc priest looks even sicker.
The orc priest is heavily wounded.
The adder barely misses you. The orc priest barely misses you.
Aiming: Sting (safe; 3% risk of failure)
Press: ? - help, Q - select action, (/) - cycle Shift-Dir - straight line, f/p - orc priest
Aim: an orc priest, wielding a +0 flail (heavily wounded, very poisoned, 74% to hit)
The sting misses the orc priest.
The adder completely misses you.
The orc priest invokes the aid of Beogh against you.
Pain shoots through your body!
* * * LOW HITPOINT WARNING * * *
The adder bites you.
* * * LOW HITPOINT WARNING * * *
You don't have enough magic to cast this spell.
Unknown command.
You don't have enough magic to cast this spell.
Unknown command.
It was a potion of mutation.
You feel extremely strange.
You feel frail.
Large bone plates grow over parts of your arms.
You feel clumsy.
The orc priest hits you but does no damage.
The adder closely misses you.
Aiming: Mindburst
Press: ? - help, Shift-Dir - straight line, f/p - orc priest
Aim: an orc priest, wielding a +0 flail (almost dead, very poisoned, chance to affect: 64%)
The orc priest struggles to resist.
The adder bites you but does no damage.
The orc priest hits you with a +0 flail!
You die...

#.# #.#.# #.#
#.#.# #.# #.#.#
#.# # #.#.#
#.####
#S#.#.######
#....#
#.#.#.......
####.#
#........#
#.######.####.#
#..o@S......#
########.##.#
#<..# # #####


You could see an orc priest (very poisoned) and an adder.

Vanquished Creatures
  Sigmund (D:2)
  An ogre (D:4)
  A scorpion (D:4)
  A jelly (D:5)
  A hound (D:4)
  An orc priest (D:5)
  An iguana (D:2)
  Terence (D:2)
  Robin (D:3)
  An adder (D:3)
  4 gnolls
  A ribbon worm (D:2)
  3 orcs
  5 endoplasms
  A giant cockroach (D:1)
  16 goblins
  7 hobgoblins
  2 quokkas
  13 ball pythons
  2 bats
  4 frilled lizards
  4 kobolds
  4 rats
76 creatures vanquished.

Notes
Turn   | Place    | Note
-------+----------+-------------------------------------------
     0 | D:1      | LadyBoffin the Draconian Alchemist began the quest for the
                  | Orb.
     0 | D:1      | Reached XP level 1. HP: 14/14 MP: 3/3
   151 | D:1      | Reached XP level 2. HP: 20/20 MP: 3/5
   176 | D:1      | You fall into a shaft and drop 1 floor!
   181 | D:2      | Noticed Terence
   192 | D:2      | Killed Terence
   193 | D:2      | Reached XP level 3. HP: 21/26 MP: 2/6
   198 | D:2      | Learned a level 2 spell: Mercury Vapours
   307 | D:2      | Found a faded altar of an unknown god.
   813 | D:2      | Reached XP level 4. HP: 7/33 MP: 3/7
   970 | D:2      | Found Hyl Buo's Assorted Antiques.
  1006 | D:2      | Noticed Sigmund
  1078 | D:2      | Killed Sigmund
  1079 | D:2      | Reached skill level 1 in Air Magic
  1079 | D:2      | Reached skill level 4 in Alchemy
  1079 | D:2      | Reached XP level 5. HP: 22/38 MP: 1/9
  1235 | D:2      | Reached XP level 6. HP: 45/45 MP: 7/10
  1330 | D:3      | Noticed Robin
  1644 | D:3      | Killed Robin
  2150 | D:3      | Identified the +4 ring mail of the Six Loafs {Int+3 Dex+3}
  2465 | D:4      | Found a shadowy altar of Dithmenos.
  2909 | D:4      | Found a shimmering blue altar of Sif Muna.
  2909 | D:4      | Found a basalt altar of Yredelemnul.
  3042 | D:4      | Your scales start taking on a pale cyan-grey colour.
  3042 | D:4      | Reached XP level 7. HP: 50/50 MP: 9/12
  3042 | D:4      | Gained mutation: You are immune to the effects of steam.
                  | [Pale Draconian growth]
  3336 | D:5      | Entered Level 5 of the Dungeon
  3394 | D:5      | HP: 2/50 [adder (2)]
  3395 | D:5      | Gained mutation: You are frail. (-10% HP) [potion of
                  | mutation]
  3395 | D:5      | Gained mutation: You are partially covered in large bone
                  | plates. (SH +4) [potion of mutation]
  3395 | D:5      | Gained mutation: You are clumsy. (Dex -2) [potion of
                  | mutation]
  3396 | D:5      | Mangled by an orc priest

Illustrated notes

Levels and vault maps discovered:
D:1:      roderic_dead_forest, layout_rooms, minmay_shallow_snake_nest
D:2:      layout_rooms, shapermc_ecumenical_altar_mp_vishouse, serial_shops,
          nicolae_shop_competitors_out_of_business, uniq_terence, uniq_sigmund
D:3:      layout_loops_ring, uniq_robin
D:4:      nicolae_cairo_tiling_very_big, layout_basic,
          nicolae_dithmenos_the_darkroom, gammafunk_temple_overflow_statue
D:5:      layout_basic, cheibrodos_sewer_entry_sluice,
          ebering_ghost_disaster_area, grunt_decor_clamped

Skill      XL: |  1  2  3  4  5  6 |
---------------+-------------------+-----
Stealth        | 2 3 |  3.3
Dodging        | 2 3 |  3.5
Conjurations   | 2 |  2.6
Spellcasting   | 3 |  3.6
Air Magic      | 1 2 |  2.7
Alchemy        | 4 |  4.5

Action                     |  1- 3 |  4- 6 |  7- 9 || total
---------------------------+-------+-------+-------++-------
  Melee: Unarmed           |     6 |       |       ||     6
         Staff             |       |    41 |     8 ||    49
         Tailslap          |       |     4 |     2 ||     6
   Fire: Sling             |    57 |       |       ||    57
   Cast: Sting             |    21 |    77 |    15 ||   113
         Mercury Vapours   |       |     5 |       ||     5
  Evoke: Wand              |       |       |     1 ||     1
    Use: Scroll            |     5 |     2 |       ||     7
         Potion            |       |     1 |     2 ||     3
 Armour: Skin              |    35 |    60 |    11 ||   106
  Dodge: Dodged            |    20 |    57 |    18 ||    95

Table legend: (Time is in decaauts)
 A = Elapsed time spent in this place.
 B = Non-inter-level travel time spent in this place.
 C = Inter-level travel time spent in this place.
 D = Time resting spent in this place.
 E = Time spent auto-exploring this place.
 F = Levels seen in this place.
 G = Mean time per level.
                   A        B        C        D        E       F      G
               +--------+--------+--------+--------+--------+-----+--------+
         Total |   3432 |   3251 |    181 |    581 |   1444 |   5 |  686.4 |
       Dungeon |   3432 |   3251 |    181 |    581 |   1444 |   5 |  686.4 |
               +--------+--------+--------+--------+--------+-----+--------+

Top non-repeatable levels by time:
     D:4: 978 daAuts
     D:3: 968 daAuts
     D:2: 767 daAuts
     D:1: 656 daAuts
     D:5: 61 daAuts
